 Dungeon Crawl Stone Soup version 0.27-a0-334-g52645efa06 (webtiles) character file.

Game seed: 9207978502094830237

1 Umoon the Sneak (level 1, -7/19 HPs)
             Began as a Draconian Delver on Feb 14, 2021.
             Mangled by Prince Ribbit (9 damage)
             ... on level 5 of the Dungeon.
             The game lasted 00:00:14 (39 turns).

Umoon the Sneak (Draconian Delver)                    Turns: 39, Time: 00:00:14

Health: -7/19      AC:  4    Str: 14    XL:     1   Next: 16%
Magic:  1/1        EV: 12    Int: 10    God:
Gold:   0          SH:  0    Dex: 12    Spells: 0/0 levels left

rFire    . . .     SeeInvis .   a - +0 short sword
rCold    . . .     Faith    .   (no shield)
rNeg     . . .     Spirit   .   (armour unavailable)
rPois    .         Reflect  .   (helmet restricted)
rElec    .         Harm     .   (no cloak)
rCorr    .         Rampage  .   (no gloves)
Will     .....                  (no boots)
Stlth    +++.......             (no amulet)
HPRegen  0.06/turn              (no ring)
MPRegen  0.07/turn              (no ring)

@: no status effects
A: unfitting armour, cold-blooded, AC +4
a: no special abilities


You were on level 5 of the Dungeon.
You visited 1 branch of the dungeon, and saw 1 of its levels.

Inventory:

Hand Weapons
 a - a +0 short sword (weapon)
Wands
 f - a wand of digging (3)
Scrolls
 b - a scroll of fog
 c - a scroll of magic mapping
 d - a scroll of fear
Potions
 e - a potion of haste


   Skills:
 + Level 3.2 Fighting
 + Level 2.0 Short Blades
 + Level 1.7 Dodging
 + Level 4.6 Stealth


You couldn't memorise any spells.
You didn't know any spells.
Your spell library was empty.

Dungeon Overview and Level Annotations

Branches:
Dungeon (5/15)
 Temple: D:4-7

Altars:

Annotations:
D:5 Prince Ribbit


Innate Abilities, Weirdness & Mutations

Your plain brown scales are hard. (AC +4)
You cannot fit into any form of body armour.
You are cold-blooded and may be slowed by cold attacks.


Message History

Welcome, Umoon the Draconian Delver.
Will you be the one to retrieve the awesome Orb of Zot from the depths?
Press ? for a list of commands and other information.
Found an escape hatch in the floor.
Found a stone staircase leading down.
A quokka comes into view.
An adder skeleton comes into view.
Found a short sword.
Found a scroll of fear.
The adder skeleton closely misses you.
Prince Ribbit comes into view.
Prince Ribbit croaks.
You hear an angry hiss.
Prince Ribbit blinks!
Prince Ribbit moves out of view.
You hit the adder skeleton.
The adder skeleton is moderately damaged.
You barely miss the quokka.
An adder comes into view.
You miss the quokka. The quokka bites you.
The adder hisses angrily.
You hit the quokka. You tail-slap the quokka.
You kill the quokka!
Prince Ribbit lets out a mournful croak.
Prince Ribbit barely misses you. Prince Ribbit hits you!
Ouch! That really hurt!
* * * LOW HITPOINT WARNING * * *
The adder skeleton barely misses you. Prince Ribbit hits you!
You die...

### ..# ..# .. #..
##.##### #...#
#......# ...#
#..@...# ...###
#..ZFS.##.....
#......#....###
#.............##
#...............
#>..............
###.....#.###....
#####......##†###....
#....................


You could see Prince Ribbit, an adder and an adder skeleton.

Vanquished Creatures
  A quokka (D:5)
1 creature vanquished.

Notes
Turn   | Place    | Note
-------+----------+-------------------------------------------
     0 | D:5      | Umoon the Draconian Delver began the quest for the Orb.
     0 | D:5      | Reached XP level 1. HP: 19/19 MP: 1/1
    29 | D:5      | Noticed Prince Ribbit
    39 | D:5      | Mangled by Prince Ribbit

Illustrated notes

Levels and vault maps discovered:
D:5:      layout_rooms, gammafunk_temple_overflow_elements,
          minmay_fractal_squares_5, uniq_duvessa, uniq_crazy_yiuf_cottage,
          uniq_prince_ribbit1

Action                   || total
-------------------------++-------
Melee: Short sword       ||     4
       Tailslap          ||     1
Dodge: Dodged            ||     3

Table legend: (Time is in decaauts)
 A = Elapsed time spent in this place.
 B = Non-inter-level travel time spent in this place.
 C = Inter-level travel time spent in this place.
 D = Time resting spent in this place.
 E = Time spent auto-exploring this place.
 F = Levels seen in this place.
 G = Mean time per level.
                   A        B        C        D        E       F      G
               +--------+--------+--------+--------+--------+-----+--------+
         Total |     39 |     39 |      0 |      0 |     14 |   1 |   39.0 |
       Dungeon |     39 |     39 |      0 |      0 |     14 |   1 |   39.0 |
               +--------+--------+--------+--------+--------+-----+--------+

Top non-repeatable levels by time:
     D:5: 39 daAuts
